 Dungeon Crawl Stone Soup version 0.23.2-33-g5129a83184 (webtiles) character file.

Game seed: 8588579113013687861

30 DildoBatman the Magician (level 3, -1/24 HPs)
             Began as a Formicid Wizard on July 9, 2019.
             Shot with a stone by a goblin (7 damage)
             ... led by Robin
             ... on level 1 of the Dungeon.
             The game lasted 00:04:50 (1837 turns).

DildoBatman the Magician (Formicid Wizard)          Turns: 1837, Time: 00:04:50

Health: -1/24      AC:  2    Str: 11    XL:     3   Next: 37%
Magic:  7/7        EV: 12    Int: 18    God:
Gold:   44         SH:  0    Dex:  9    Spells: 1/8 levels left

rFire    . . .     SeeInvis +   k - +0 dagger (speed)
rCold    . . .     Gourm    .   (no shield)
rNeg     . . .     Faith    .   o - +0 robe (curse)
rPois    .         Spirit   .   (helmet unavailable)
rElec    .         Reflect  .   (no cloak)
rCorr    .         Harm     .   (no gloves)
MR       .....                  (no boots)
Stlth    ++........             (no amulet)
HPRegen  0.08/turn              (no ring)
MPRegen  0.10/turn              (no ring)

@: lethally poisoned (-1 -> -6)
A: permanent stasis, dig shafts and tunnels, four strong arms, antennae 3
a: Dig, Shaft Self


You were on level 1 of the Dungeon.
You were not hungry.

You visited 1 branch of the dungeon, and saw 2 of its levels.

You collected 44 gold pieces.

Inventory:

Hand Weapons
 k - a +0 dagger of speed (weapon)
Missiles
 g - 28 stones (quivered)
 m - 7 javelins of penetration
 p - 23 bolts
 q - 26 sling bullets
Armour
 o - a cursed +0 robe (worn)
Scrolls
 d - a scroll of immolation {unknown}
 f - 2 scrolls of amnesia {unknown}
 j - 2 scrolls of identify {unknown}
 n - a scroll of noise {unknown}
Potions
 b - a potion of heal wounds {unknown}
 c - 5 potions of curing {unknown}
 e - a potion of brilliance {unknown}
 h - a potion of agility
 i - 2 potions of flight {unknown}
 l - 2 potions of haste {unknown}
Comestibles
 v - 5 rations


   Skills:
 - Level 1.7 Dodging
 - Level 2.4 Stealth
 - Level 3.2 Spellcasting
 * Level 2.7 Conjurations
   Level 1.0 Summonings
   Level 0.8 Translocations


You had one spell level left.
You knew the following spells:

 Your Spells              Type           Power        Failure   Level  Hunger
a - Conjure Flame         Conj/Fire      #.......     26%         3    ###....
c - Magic Dart            Conj           ##..         4%          1    None
e - Mephitic Cloud        Conj/Pois/Air  #.......     32%         3    ###....

Your spell library contained the following spells:

 Spells                   Type           Power        Failure   Level  Hunger
 Call Imp                 Summ           #.......     16%         2    ##.....
 Slow                     Hex            #.......     24%         2    ##.....
 Blink                    Tloc           Unusable     N/A         2    N/A

Dungeon Overview and Level Annotations

Branches:
Dungeon (2/15)

Altars:
Okawaru

Annotations:
D:1 Terence
D:2 1 runed translucent door, 1 exclusion, Crazy Yiuf, Robin


Innate Abilities, Weirdness & Mutations

You cannot be hasted, slowed, berserked, paralysed or teleported.
You can dig through walls and to a lower floor.
Your four strong arms can wield two-handed weapons with a shield.
You have a pair of large antennae on your head. (SInv)


Message History

Robin suddenly seems more agile.
Robin throws the goblin at you! The goblin closely misses you.
There is a stone staircase leading up here.
The goblin hits you but does no damage.
You are poisoned.
Robin hits you from afar with a +0 trident!
The goblin closely misses you.
You climb upwards.
Level annotation: Terence You feel sick.
There is a stone staircase leading down here.
You extend your mandibles.
You dig through the rock wall.
You feel sick.
The goblin unwields a +0 club.
The goblin wields a +0 hunting sling.
The goblin shoots a stone.
The stone hits you!
You die...

#.# #.# ###..+.
#.#####.# ####.
#.##....#
###..'.
#.##.####
##..#### #.##.#
##.### # #.##.#
##.## #
#.##.#######..#
#
#.##g>g......##
##
#.##@######.##
#. #.#### #.#
#. #.# #.# ###.
#.# #.# #...
#.# #.# #...
#.# #.#### #...
#.# #....# #...
#.# ####.# #...
#.# #.# #...


You could see 2 goblins.

Vanquished Creatures
  A dart slug (D:1)
  7 bats
  A giant cockroach (D:2)
  2 goblins
  2 hobgoblins
  7 kobolds
  2 frilled lizards (D:2)
  8 rats
30 creatures vanquished.

Notes
Turn   | Place    | Note
-------+----------+-------------------------------------------
     0 | D:1      | DildoBatman the Formicid Wizard began the quest for the
                  | Orb.
     0 | D:1      | Reached XP level 1. HP: 13/13 MP: 4/4
    62 | D:1      | Reached skill level 1 in Conjurations
   435 | D:1      | Reached XP level 2. HP: 19/19 MP: 0/6
  1093 | D:2      | Reached XP level 3. HP: 16/24 MP: 0/7
  1256 | D:2      | Noticed Terence
  1285 | D:2      | Learned a level 3 spell: Mephitic Cloud
  1316 | D:2      | Learned a level 3 spell: Conjure Flame
  1574 | D:2      | Found a runed translucent door.
  1575 | D:2      | Noticed Crazy Yiuf
  1643 | D:2      | Found an iron altar of Okawaru.
  1716 | D:2      | Noticed Robin
  1837 | D:1      | Shot with a stone by a goblin

Skill      XL: |  1  2 |
---------------+-------+-----
Conjurations   | 1 2 |  2.7
Dodging        | |  1.7
Stealth        | |  2.4
Spellcasting   | |  3.2
Summonings     | |  1.0
Translocations | |  0.8

Action                   || total
-------------------------++-------
Melee: Dagger            ||    16
 Cast: Magic Dart        ||    72
       Mephitic Cloud    ||     1
 Abil: Dig               ||     1
 Stab: Sleeping          ||     1
  Eat: Chunk             ||     3
Armor: Robe              ||     9
Dodge: Dodged            ||    22
